 Dungeon Crawl Stone Soup version 0.31.0-4-g52a2dc7128 (webtiles) character file.

Game seed: 7374455125969383600

2866 groovy9 the Thaumaturge (level 10, -9/67 HPs)
             Began as a Djinni Conjurer on Jan 21, 2024.
             Was a Believer of Hepliaklqana.
             Mangled by a death yak (17 damage)
             ... on level 8 of the Dungeon.
             The game lasted 00:22:28 (6528 turns).

groovy9 the Thaumaturge (Djinni Conjurer)           Turns: 6528, Time: 00:22:28

Health: -9/67      AC:  5    Str:  9    XL:     10   Next: 4%
Gold:   374        EV: 12    Int: 31    God:    Hepliaklqana [**....] SH:  0 Dex: 11

rFire   + + .        i - staff of death
rCold   x . .        (no shield)
rNeg    + . .        E - +1 robe
rPois   ∞            f - +0 helmet
rElec   +            (no cloak)
rCorr   .            m - +0 pair of gloves of the Red Jabberwock {rElec MP+9 Str+3}
SInv    .            (boots unavailable)
Will    +....        (no amulet)
Stlth   ++           n - +6 ring of intelligence
HPRegen 0.31/turn    (no ring)
MPRegen 0.00/turn

%: infuse magic (-10 HP)
@: flying
A: reduced essence, sickness immunity, fire resistance 2, cold vulnerability 1,
float, innate caster, HP casting, extra vitality 1
a: Renounce Religion, Recall Ancestor, Ancestor Identity


You were on level 8 of the Dungeon.
You worshipped Hepliaklqana.
Hepliaklqana was pleased with you.
You visited 2 branches of the dungeon, and saw 9 of its levels.
You also visited: Sewer.

You collected 374 gold pieces.

Inventory:

Hand Weapons
 C - a +0 spear
Missiles
 y - 3 throwing nets
Armour
 f - a +0 helmet (worn)
 m - the +0 pair of gloves of the Red Jabberwock (worn) {rElec MP+9 Str+3}
   (You found it on level 2 of the Dungeon)

   Str+3:     It affects your strength (+3).
   rElec:     It insulates you from electricity.
   MP+9:      It affects your magic capacity (+9).
 E - a +1 robe (worn)
Magical Staves
 i - a staff of death (weapon)
Jewellery
 n - a +6 ring of intelligence (left hand)
Wands
 r - a wand of flame (14)
 s - a wand of light (4)
Scrolls
 g - 3 scrolls of fear
 k - 3 scrolls of immolation {unknown}
 p - 4 scrolls of vulnerability
 t - 3 scrolls of teleportation {unknown}
 u - 3 scrolls of enchant weapon {unknown}
 w - a scroll of amnesia {unknown}
 x - a scroll of revelation {unknown}
 A - 2 scrolls of torment {unknown}
 D - a scroll of silence {unknown}
Potions
 b - 2 potions of heal wounds {unknown}
 c - 5 potions of curing
 d - 3 potions of resistance
 e - a potion of magic {unknown}
 h - 2 potions of enlightenment {unknown}
 j - 5 potions of degeneration {unknown}
 l - 2 potions of brilliance
 o - a potion of mutation {unknown}
 q - 3 potions of invisibility
 v - 4 potions of attraction
 z - a potion of might {unknown}
 B - 2 potions of ambrosia {unknown}


   Skills:
 + Level 7.1 Fighting
 - Level 2.5 Dodging
 - Level 1.9 Stealth
 * Level 9.3 Spellcasting
 * Level 9.3 Conjurations
 * Level 9.3 Hexes
   Level 0.0 Charms
 * Level 9.3 Summonings
 * Level 9.3 Necromancy
 * Level 9.3 Translocations
   Level 0.0 Transmutations
 * Level 9.3 Fire Magic
 * Level 9.3 Ice Magic
 * Level 9.3 Air Magic
 * Level 9.3 Earth Magic
 * Level 9.3 Alchemy


You knew the following spells:

 Your Spells              Type           Power      Damage    Failure   Level
a - Magic Dart            Conj           100%       1d8       1%          1
b - Searing Ray           Conj           100%       2d8       1%          2
c - Fulminant Prism       Conj/Alch      32%        3d15      1%          4
d - Iskenderun's Mystic   Conj/Tloc      64%        2d13      1%          4
e - Freeze                Ice            100%       1d10      1%          1
f - Momentum Strike       Conj/Tloc      100%       3d10      1%          2
g - Inner Flame           Hex/Fire       64%        N/A       1%          3
h - Sticky Flame          Fire/Alch      64%        2d11      1%          4
Your spell library was empty.

Dungeon Overview and Level Annotations

Branches:
Dungeon (8/15)             Temple (1/1) D:6            Lair (0/5) D:8
  Sewer (visited)

Altars:
Ashenzari
Elyvilon
Hepliaklqana
Makhleb
Nemelex Xobeh
Okawaru
Qazlal
Ru
Trog
Uskayaw
Wu Jian
Xom
Yredelemnul
Zin
The Shining One

Shops:
D:6 :


Innate Abilities, Weirdness & Mutations

Your life essence is reduced to manifest your ancestor. (-10% HP)
You are immune to sickness and miasma.
You are immune to poison.
Your flesh is very heat resistant. (rF++)
You are vulnerable to cold. (rC-)
You float through the air rather than walking.
You learn spells naturally, not from books.
Your magical power is your life essence.
You have superior vitality. (+4 MHP)


Message History

Your Translocations skill increases to level 9!
Your Fire Magic skill increases to level 9!
Your Ice Magic skill increases to level 9!
Your Air Magic skill increases to level 9!
Your Earth Magic skill increases to level 9!
Your Alchemy skill increases to level 9!
You have reached level 10!
Casting: Iskenderun's Mystic Blast (dangerous; 1% risk of failure)
Confirm with . or Enter, or press ? or * to list all spells.
You erupt in a blast of force!
The mystic blast hits the death yak but does no damage.
The death yak is severely wounded.
You hear an angry buzzing noise.
A killer bee comes into view.
Casting: Iskenderun's Mystic Blast (dangerous; 1% risk of failure)
Confirm with . or Enter, or press ? or * to list all spells.
You erupt in a blast of force!
The mystic blast hits the death yak but does no damage.
The mystic blast hits the death yak.
The death yak is severely wounded.
You hear a loud squeak. x2
The death yak gores you!
* * * LOW HITPOINT WARNING * * *
Okay, then.
As you read the scroll of fear, it crumbles to dust.
You assume a fearsome visage.
The hell rat looks frightened!
The death yak resists with almost no effort.
The death yak looks frightened!
The killer bee looks frightened! x3
The orc looks frightened!
The death yak gores you.
* * * LOW HITPOINT WARNING * * *
Cornered, the killer bee turns to fight!
Casting: Iskenderun's Mystic Blast (dangerous; 1% risk of failure)
Confirm with . or Enter, or press ? or * to list all spells.
You erupt in a blast of force!
The mystic blast hits the death yak!!
The death yak is almost dead.
* * * LOW HITPOINT WARNING * * *
You hear an angry buzzing noise.
A quokka comes into view.
The death yak gores you!
You die...

######## #.
##......# #.
#.......# #.
#[.###..# #.
#..###..#######.
###...............
#...>.....#######.
#.#.......# ##..
#@#.#.###.# #...
#Y#...# #.# ##..
#†###.###.# ##.
#)# #.....# #.
.......y#####.#.#
#.
......rY........#
##'
.......o.####.###
##.. ....).).##
#.# ##...
>.r#)..## ##.##
##....


You could see 2 death yaks, a killer bee, an orc (fleeing) and a quokka.

Vanquished Creatures
  A death yak (D:8)
  Sigmund (D:6)
  2 orc warriors
  A sky beast (D:6)
  2 black bears
  A centaur (D:5)
  A kobold brigand (D:5)
  2 bullfrogs
  A scorpion (D:5)
  5 wights (D:8)
  2 howler monkeys (D:8)
  A hound (D:6)
  An orc priest (D:8)
  3 orc wizards
  A sleepcap (D:5)
  3 iguanas
  15 gnolls
  7 adders
  2 river rats (Sewer)
  A shadow imp (D:5)
  A white imp (D:6)
  An ufetubus (D:6)
  3 dart slugs
  2 ribbon worms
  11 orcs
  5 ball pythons
  3 endoplasms
  8 giant cockroaches
  6 goblins
  7 hobgoblins
  2 jackals (D:3)
  3 quokkas
  8 bats
  2 frilled lizards
  11 kobolds
  10 rats
136 creatures vanquished.

Vanquished Creatures (collateral kills)
  A wyvern (D:8)
  A gnoll sergeant (D:8)
  A bullfrog (D:6)
  A wight (D:8)
  A sleepcap (D:6)
  A hell rat (Sewer)
  A gnoll (D:8)
  An ufetubus (D:6)
  An orc (D:8)
  A ball python (D:6)
10 creatures vanquished.

Vanquished Creatures (others)
  A knight (D:8)
  3 fulminant prisms
4 creatures vanquished.

Grand Total: 150 creatures vanquished

Notes
Turn   | Place    | Note
-------+----------+-------------------------------------------
     0 | D:1      | groovy9 the Djinni Conjurer began the quest for the Orb.
     0 | D:1      | groovy9 set off with the following spells memorised: Magic
                  | Dart, Searing Ray, Fulminant Prism, Iskenderun's Mystic
                  | Blast.
     0 | D:1      | Reached XP level 1. HP: 15/15 MP: 0/0
   170 | D:1      | Reached XP level 2. HP: 20/21 MP: 0/0
   472 | D:1      | Reached XP level 3. HP: 25/26 MP: 0/0
   472 | D:1      | Learned a level 1 spell: Freeze
   803 | D:2      | Identified the +0 pair of boots of Gugong {rF++ rN++ Dex-5}
   900 | D:2      | Reached skill level 1 in Fighting
   925 | D:2      | Reached XP level 4. HP: 28/32 MP: 0/0
  1037 | D:2      | Identified the +0 pair of gloves of the Red Jabberwock
                  | {rElec MP+9 Str+3}
  1335 | D:2      | Reached XP level 5. HP: 34/38 MP: 0/0
  1335 | D:2      | Learned a level 2 spell: Momentum Strike
  2039 | D:3      | Noticed a +0 dagger
  2039 | D:3      | Noticed a +0 dagger
  2039 | D:3      | Noticed a +0 falchion
  2040 | D:3      | Noticed a +0 short sword
  2046 | D:3      | Noticed a +0 spear
  2047 | D:3      | Noticed a +0 spear
  2047 | D:3      | Noticed a +0 falchion
  2049 | D:3      | Noticed a +0 short sword
  2056 | D:3      | Found a hide-covered altar of Uskayaw.
  2615 | D:4      | Reached XP level 6. HP: 40/45 MP: 0/0
  2735 | D:4      | Reached skill level 5 in Spellcasting
  2735 | D:4      | Reached skill level 5 in Conjurations
  2735 | D:4      | Reached skill level 5 in Hexes
  2735 | D:4      | Reached skill level 5 in Summonings
  2735 | D:4      | Reached skill level 5 in Necromancy
  2735 | D:4      | Reached skill level 5 in Translocations
  2735 | D:4      | Reached skill level 5 in Fire Magic
  2735 | D:4      | Reached skill level 5 in Ice Magic
  2735 | D:4      | Reached skill level 5 in Air Magic
  2735 | D:4      | Reached skill level 5 in Earth Magic
  2735 | D:4      | Reached skill level 5 in Alchemy
  3086 | D:4      | Found a hazy altar of Hepliaklqana.
  3101 | D:4      | Noticed a black bear
  3107 | D:4      | Killed a black bear
  3461 | D:4      | Became a worshipper of Hepliaklqana the Forgotten
  3492 | D:5      | Entered Level 5 of the Dungeon
  3576 | D:5      | Reached XP level 7. HP: 45/50 MP: 0/0
  3576 | D:5      | Learned a level 3 spell: Inner Flame
  4872 | D:6      | Reached XP level 8. HP: 51/58 MP: 0/0
  4918 | D:6      | Reached * piety under Hepliaklqana
  4929 | D:6      | Found a glowing drain.
  4938 | Sewer    | Entered a sewer
  5058 | D:6      | Identified a scroll of acquirement
  5058 | D:6      | Acquired a staff of death
  5357 | D:6      | Found a burning altar of Makhleb.
  5357 | D:6      | Found a glowing silver altar of Zin.
  5358 | D:6      | Noticed an angel
  5358 | D:6      | Noticed an Executioner
  5386 | D:6      | Found a staircase to the Ecumenical Temple.
  5457 | Temple   | Entered the Ecumenical Temple
  5642 | D:6      | Reached ** piety under Hepliaklqana
  5643 | D:6      | Remembered your ancestor Servia as a knight
  5644 | D:6      | Noticed Sigmund
  5646 | D:6      | Killed Sigmund
  5647 | D:6      | Reached skill level 5 in Fighting
  5748 | D:6      | Found Yxkexux's Tiny Tomes.
  5949 | D:7      | Reached XP level 9. HP: 49/58 MP: 0/0
  5949 | D:7      | Learned a level 4 spell: Sticky Flame
  6021 | D:7      | You are sucked into a shaft and drop 1 floor!
  6509 | D:8      | Found a staircase to the Lair.
  6509 | D:8      | Noticed a death yak
  6509 | D:8      | Noticed a death yak
  6512 | D:8      | Noticed a death yak
  6523 | D:8      | Killed a death yak
  6524 | D:8      | Reached XP level 10. HP: 32/67 MP: 0/0
  6528 | D:8      | Mangled by a death yak

Illustrated notes

Levels and vault maps discovered:
D:1:      dpeg_arrival_line_fractal, layout_loops_ring, minmay_misc_feat_rugged,
          minmay_tetromino_s4
D:2:      layout_loops_ring
D:3:      layout_loops_cross, nicolae_uskayaw_en_pointe
D:4:      layout_cave_pods, lemuel_crystal_altar, minmay_box_of_dots
D:5:      layout_basic, kennysheep_generic_room_9
D:6:      layout_rooms, grunt_temple_overflow_order_and_chaos_2,
          minmay_temple_entry_offerings, cheibrodos_sewer_entry_drain,
          hangedman_decor_diamond_cutter, minmay_misc_feat_rows,
          serial_park_tiny_1, grunt_decor_junction,
          nicolae_shop_i_like_small_books_too, uniq_sigmund
D:7:      layout_loops_ring
D:8:      layout_loops_corners, dpeg_lair_monsters, chequers_arboretum,
          minmay_puff
Temple:   oiseaux_autumnal_temple

Skill      XL: |  1  2  3  4  5  6  7  8  9 |
---------------+----------------------------+-----
Fighting       | 1 2 3 4 5 7 |  7.1
Spellcasting   | 4 5 6 7 9 |  9.3
Conjurations   | 4 5 6 7 9 |  9.3
Hexes          | 4 5 6 7 9 |  9.3
Summonings     | 4 5 6 7 9 |  9.3
Necromancy     | 4 5 6 7 9 |  9.3
Translocations | 4 5 6 7 9 |  9.3
Fire Magic     | 4 5 6 7 9 |  9.3
Ice Magic      | 4 5 6 7 9 |  9.3
Air Magic      | 4 5 6 7 9 |  9.3
Earth Magic    | 4 5 6 7 9 |  9.3
Alchemy        | 4 5 6 7 9 |  9.3
Dodging        | |  2.5
Stealth        | |  1.9

Action                     |  1- 3 |  4- 6 |  7- 9 | 10-12 || total
---------------------------+-------+-------+-------+-------++-------
   Cast: Magic Dart        |    50 |    56 |    77 |       ||   183
         Searing Ray       |     4 |    26 |    36 |       ||    66
         Momentum Strike   |       |     1 |     2 |       ||     3
         Inner Flame       |       |       |     6 |       ||     6
         Iskenderun's Myst |       |       |    10 |     3 ||    13
         Fulminant Prism   |       |       |     3 |       ||     3
 Invoke: Ancestor Life: Kn |       |       |     1 |       ||     1
         Recall Ancestor   |       |       |     1 |       ||     1
    Use: Scroll            |       |       |     9 |     1 ||    10
 Armour: Robe              |     2 |    11 |    13 |     3 ||    29
  Dodge: Dodged            |     1 |     9 |    14 |       ||    24
